 Dungeon Crawl Stone Soup version 0.30.1-9-gdf580d7c3d (webtiles) character file.

Game seed: 14431566141242925164

105145 Amplified the Severer (level 15, -6/134 HPs)
             Began as an Armataur Gladiator on Sept 30, 2023.
             Was the Champion of Zin.
             Mangled by a torpor snail (13 damage)
             ... on level 2 of the Lair of Beasts.
             The game lasted 00:55:04 (31493 turns).

Amplified the Severer (Armataur Gladiator)         Turns: 31493, Time: 00:55:05

Health: -6/134     AC: 24    Str: 29    XL:     15   Next: 93%
Magic:  27/27      EV:  5    Int: 15    God:    Zin [******]
Gold:   1790       SH:  0    Dex: 12    Spells: 23/31 levels left

rFire   . . .        P - +3 broad axe (heavy)
rCold   + . .        O - +0 buckler
rNeg    + . .        F - +7 Kryia's mail coat {PotionHeal*2 rC+}
rPois   .            c - +2 helmet
rElec   .            j - +0 cloak
rCorr   .            k - +2 pair of gloves
SInv    .            (no barding)
Will    +....        i - amulet of the acrobat Stlth
                     H - ring "Lozot" {Fly rN+ Str+3}
HPRegen 0.42/turn    n - +6 ring of strength
MPRegen 0.20/turn

%: acrobat, roll
@: lethally poisoned (-6 -> -9), flying, held, slowed, very slow
A: large, rugged brown scales 3, deformed body, armoured tail, roll, long
tongue, awkward tongue
a: Renounce Religion, Recite, Vitalisation, Imprison, Sanctuary, Donate Gold


You were on level 2 of the Lair of Beasts.
You worshipped Zin.
Zin was exalted by your worship.
You visited 5 branches of the dungeon, and saw 24 of its levels.
You also visited: Ice Cave.

You collected 2915 gold pieces.
You spent 839 gold pieces at shops.
You donated 286 gold pieces to Zin.

Inventory:

Hand Weapons
 e - a +4 war axe of venom
 f - a +2 dagger of venom
 P - a +3 heavy broad axe (weapon)
 R - a +1 demon whip of venom
Missiles
 b - 15 poisoned darts
 o - 7 javelins
 C - 3 curare-tipped darts (quivered)
 E - 4 silver javelins
Armour
 c - a +2 helmet (worn)
 j - a +0 cloak (worn)
 k - a +2 pair of gloves (worn)
 y - an orb of energy
 F - the +7 Kryia's mail coat (worn) {PotionHeal*2 rC+}
   (You found it on level 8 of the Dungeon)

   PotionHeal*2: Potions heal its wearer twice as much.
   rC:        It protects you from cold.
 J - the +8 ring mail of the Sacrificial Victim {Dex+3}
   (You bought it in a shop on level 6 of the Dungeon)

   Dex:       It affects your dexterity (+3).
 O - a +0 buckler (worn)
Jewellery
 h - a ring of magical power
 i - an amulet of the acrobat (around neck)
 n - a +6 ring of strength (right hand)
 s - a ring of poison resistance
 D - a ring of flight
 G - a ring of protection from cold
 H - the ring "Lozot" (left hand) {Fly rN+ Str+3}
   (You found it in an ice cave)

   [ring of positive energy]

   Str:       It affects your strength (+3).
   rN:        It protects you from negative energy.
   Fly:       It grants you flight.
 I - an amulet of faith
 L - an amulet of magic regeneration
Wands
 d - a wand of flame (17)
 g - a wand of paralysis (1)
 m - a wand of mindburst (7)
 x - a wand of iceblast (1)
Scrolls
 l - a scroll of silence
 p - 4 scrolls of vulnerability
 w - 2 scrolls of poison
 K - 8 scrolls of identify
 Q - a scroll of teleportation
Potions
 q - 2 potions of brilliance
 r - a potion of curing
 u - 3 potions of heal wounds
 v - 5 potions of flight
 z - 6 potions of attraction
 A - 3 potions of cancellation
 B - a potion of might
 M - 2 potions of resistance
 N - a potion of ambrosia
Miscellaneous
 t - a phantom mirror (inert)


   Skills:
 * Level 9.6 Fighting
 * Level 15.5 Axes
 - Level 1.7 Throwing
 - Level 12.0 Armour
 - Level 2.1 Dodging
 - Level 7.8 Shields
 - Level 8.5 Spellcasting
 - Level 3.0 Air Magic
 - Level 12.8 Invocations


You had 23 spell levels left.
You knew the following spells:

 Your Spells              Type           Power      Damage    Failure   Level
a - Maxwell's Capacitive  Air            7%         ∞         100%        8

Your spell library contained the following spells:

 Spells                   Type           Power      Damage    Failure   Level
 Swiftness                Air            15%        N/A       21%         3
 Beastly Appendage        Tmut           12%        N/A       24%         1
 Magic Dart               Conj           24%        1d4       24%         1
 Cigotuvi's Dreadful Rot  Necr/Pois/Air  18%        N/A       24%         2
 Call Imp                 Summ           12%        N/A       34%         2
 Ensorcelled Hibernation  Hex/Ice        12%        N/A       34%         2
 Passwall                 Tmut/Erth      5%         N/A       34%         2
 Wereblood                Tmut           6%         N/A       34%         2
 Vhi's Electric Charge    Tloc/Air       20%        N/A       36%         3
 Mephitic Cloud           Conj/Pois/Air  9%         N/A       43%         3
 Dazzling Flash           Conj/Hex       12%        N/A       56%         3
 Frozen Ramparts          Ice            12%        1d2       56%         3
 Ignite Poison            Fire/Tmut/Pois 6%         N/A       56%         3
 Inner Flame              Hex/Fire       6%         N/A       56%         3
 Ozocubu's Armour         Ice            6%         N/A       56%         3
 Portal Projectile        Hex/Tloc       12%        N/A       56%         3
 Spider Form              Tmut/Pois      6%         N/A       56%         3
 Tukima's Dance           Hex            6%         N/A       56%         3
 Flame Wave               Conj/Fire      6%         2d5       93%         4
 Ice Form                 Ice/Tmut       6%         N/A       93%         4
 Petrify                  Tmut/Erth      6%         N/A       93%         4
 Sticky Flame             Conj/Fire      6%         2d3       93%         4
 Summon Ice Beast         Ice/Summ       6%         N/A       93%         4
 Arcjolt                  Conj/Air       5%         1d15      98%         5
 Silence                  Hex/Air        5%         N/A       98%         5
 Freezing Cloud           Conj/Ice/Air   4%         6-21      99%         5
 Agony                    Necr           6%         N/A       100%        5
 Blade Hands              Tmut           3%         N/A       100%        5
 Metabolic Englaciation   Hex/Ice        3%         N/A       100%        5
 Yara's Violent Unravell  Hex/Tmut       3%         3d4       100%        5
 Conjure Ball Lightning   Conj/Air       5%         3x3d6     100%        6
 Statue Form              Tmut/Erth      4%         N/A       100%        6
 Enfeeble                 Hex            3%         N/A       100%        7
 Ozocubu's Refrigeration  Ice            3%         4d8       100%        7
 Discord                  Hex            3%         N/A       100%        8
 Disjunction              Tloc           3%         N/A       100%        8


Dungeon Overview and Level Annotations

Branches:
Dungeon (15/15)            Temple (0/1) D:5            Lair (5/5) D:11
  Swamp (1/4) Lair:3       Spider (1/4) Lair:2        Slime (0/5) Lair:5
    Orc (2/2) D:9             Elf (0/3) Orc:2        Vaults (0/5) D:14
 Depths (0/4) D:15          IceCv (visited)

Altars:
Dithmenos
Gozag
Hepliaklqana
Kikubaaqudgha
Makhleb
Okawaru
Qazlal
Ru
Sif Muna
Trog
Uskayaw
Vehumet
Wu Jian
Xom
Yredelemnul
Zin

Shops:
D:6 [*[(   Orc:2 ?!(*

Annotations:
D:13 Bad unprotected lairs.
D:14 4 runed translucent doors
Lair:2 2 transporters, nms23's ghost, journeyman DsCj
Lair:4 exclusion: 2 oklob plants


Innate Abilities, Weirdness & Mutations

You are completely covered in rugged brown scales. (AC +3, +7% HP)
Armour fits poorly on your strangely shaped body.
You have a long armoured tail.
You roll when moving toward enemies. (Rampage)
Your long tongue fully drains potion bottles. (2x potion effects)
Your tongue gives you trouble enunciating. (1.5x scroll delay)


Message History

* * * LOW HITPOINT WARNING * * *
The jumping spider pounces on you but does no damage.
The jumping spider bites you but does no damage.
The demonic crawler hits you!
* * * LOW HITPOINT WARNING * * *
The demonic crawler hits you but does no damage. x2
The jumping spider pounces on you!
* * * LOW HITPOINT WARNING * * *
You are caught in a web!
The jumping spider bites you but does no damage.
The moth of wrath goads the torpor snail on!
The torpor snail goes berserk!
The moth of wrath goads the jumping spider on!
The jumping spider goes berserk!
You fly upwards.
Welcome back to the Lair of Beasts!
Level annotation: 2 transporters, nms23's ghost, journeyman DsCj You feel very sick.
There is a hole to the Spider Nest here.
Okay, then.
The +7 Kryia's mail coat enhances the healing.
You feel much better.
You slurp down every last drop of the potion of heal wounds!
You feel very sick. The jumping spider pounces on you.
You are caught in a web!
The jumping spider bites you but does no damage.
The demonic crawler hits you.
The demonic crawler completely misses you.
The demonic crawler hits you! The torpor snail bites you!
The moth of wrath goads the demonic crawler on!
The demonic crawler goes berserk!
The moth of wrath goads the jumping spider on!
The jumping spider goes berserk!
The jumping spider barely misses you. The jumping spider bites you.
The demonic crawler hits you but does no damage.
The demonic crawler hits you!!
* * * LOW HITPOINT WARNING * * *
The demonic crawler hits you!!
* * * LOW HITPOINT WARNING * * *
The torpor snail bites you!
You die...

...............## ### #.
..###.#.>.......### #.# ## ###
##.#..........####.# ###
##...............## ###..
#......#....##..# #....
#.....###..####.## ##...
###....#...#.##..#######...
##......s.s##........#....
#.#.....y@.....#.....P...)
#########....#..w.#.............
#.#PP####..##.#.#.#.....#.#.....
##....##....####.###.....####....
#............##...##.....# #....
#[........#..............## ##...
................#.##.P###.# #...
..........#.#.######### #.# ##..
...........#### ### ### ##.


You could see a torpor snail (berserk), a demonic crawler (berserk), a moth of
wrath and a jumping spider (berserk).

Vanquished Creatures
  Jorgrun (D:12)
  Rupert (D:12)
  A fenstrider witch (D:13)
  A frost giant (D:15)
  An orc warlord (D:9)
  A white draconian (IceCv)
  An ettin (Orc:2)
  8 hydras
  4 catoblepae
  An ogre mage (D:13)
  5 centaur warriors
  A deep troll shaman (Lair:5)
  5 two-headed ogres
  5 boulder beetles
  A death knight (D:15)
  3 tengu warriors
  4 death yaks (Lair:5)
  2 orc high priests (Orc:2)
  Urug (D:13)
  Amaemon (Lair:3)
  4 skysharks
  5 skeletal warriors
  A spriggan druid (Lair:3)
  Lodul (D:14)
  A glowing orange brain (D:14)
  Pikel (D:9)
  6 orc knights
  5 deep elf pyromancers
  6 manticores
  6 orc sorcerers
  6 cyclopes
  10 ugly things
  Maurice (D:9)
  8 black mambas
  10 elephants
  Joseph (D:9)
  2 ice statues (IceCv)
  2 torpor snails (Lair:5)
  An orange demon (Lair:3)
  A gargoyle (D:8)
  13 cane toads
  An unseen horror (D:11)
  A kobold demonologist (D:13)
  3 rime drakes (IceCv)
  4 efreet
  10 komodo dragons
  5 hornets
  3 trolls
  A polar bear (Lair:5)
  A tyrant leech (Swamp:1)
  9 blink frogs (Lair:3)
  3 saltlings
  7 dream sheep (Lair:3)
  A culicivora (Spider:1)
  2 wraiths
  10 slime creatures
  6 spriggans (Lair:1)
  4 shadows
  66 yaks
  A vampire (D:13)
  3 wyverns
  5 vampire mosquitoes
  6 basilisks
  15 humans (D:14)
  A redback (Spider:1)
  A steam dragon (D:9)
  5 wargs
  A naga (shapeshifter) (D:13)
  2 acid dragons
  A floating eye (D:13)
  13 water moccasins
  2 black bears
  4 ice beasts
  10 ogres
  17 orc warriors
  17 wolves
  11 centaurs
  4 lemures (D:9)
  A phantom (D:5)
  3 kobold brigands
  10 bullfrogs
  4 scorpions
  A gnoll sergeant (D:13)
  4 wights (D:8)
  5 troll zombies (D:9)
  4 lindwurm simulacra (IceCv)
  7 killer bees
  2 howler monkeys
  5 electric eels (D:11)
  4 komodo dragon simulacra (IceCv)
  18 jellies
  8 orc priests
  8 hounds
  2 sleepcaps (D:6)
  3 iguanas
  14 orc wizards
  3 ogre zombies (D:9)
  6 adders
  7 gnolls
  7 acid dragon simulacra (IceCv)
  13 white imps
  2 ufetubi
  6 steam dragon simulacra (IceCv)
  3 worms
  7 dart slugs
  60 orcs
  5 endoplasms
  9 giant cockroaches
  5 goblins
  3 hobgoblins
  10 kobolds
  A quokka (D:1)
  8 ball pythons
  6 bats
  3 frilled lizards
  2 goblin skeletons (D:9)
  4 goblin zombies (D:9)
  3 hobgoblin skeletons (D:9)
  3 hobgoblin zombies (D:9)
  4 orc skeletons (D:9)
  9 orc zombies (D:9)
  4 rats (D:1)
691 creatures vanquished.

Vanquished Creatures (collateral kills)
  A hydra (Lair:3)
  A rime drake (IceCv)
2 creatures vanquished.

Vanquished Creatures (others)
  An acid dragon (D:9)
  A hound (D:11)
  2 orcs (Orc:2)
4 creatures vanquished.

Grand Total: 697 creatures vanquished

Notes
Turn   | Place    | Note
-------+----------+-------------------------------------------
     0 | D:1      | Amplified the Armataur Gladiator began the quest for the
                  | Orb.
     0 | D:1      | Reached XP level 1. HP: 18/18 MP: 1/1
    20 | D:1      | You fall into a shaft and drop 1 floor!
    37 | D:2      | Found a sacrificial altar of Ru.
   142 | D:2      | Reached XP level 2. HP: 15/25 MP: 2/2
   231 | D:1      | Reached skill level 1 in Armour
   425 | D:1      | Reached XP level 3. HP: 22/31 MP: 4/4
   482 | D:1      | Reached skill level 1 in Spellcasting
   917 | D:2      | Found a faded altar of an unknown god.
  1758 | D:3      | Reached XP level 4. HP: 39/39 MP: 5/5
  1824 | D:3      | Noticed a water moccasin
  1830 | D:3      | Killed a water moccasin
  1831 | D:3      | Reached skill level 3 in Axes
  1831 | D:3      | Reached XP level 5. HP: 35/47 MP: 5/7
  2126 | D:4      | Found an iron altar of Okawaru.
  2266 | D:4      | Reached XP level 6. HP: 47/54 MP: 9/9
  2975 | D:5      | Entered Level 5 of the Dungeon
  3328 | D:5      | Found a glowing silver altar of Zin.
  3456 | D:5      | Became a worshipper of Zin the Law-Giver
  3456 | D:5      | Reached * piety under Zin
  3538 | D:5      | Reached XP level 7. HP: 60/62 MP: 11/11
  3630 | D:5      | Found a basalt altar of Yredelemnul.
  3960 | D:5      | Reached ** piety under Zin
  4038 | D:5      | Found a hazy altar of Hepliaklqana.
  4067 | D:5      | Found a staircase to the Ecumenical Temple.
  4068 | D:5      | Reached skill level 1 in Invocations
  4106 | D:5      | Reached skill level 4 in Axes
  4376 | D:6      | Found a hide-covered altar of Uskayaw.
  4393 | D:6      | Found a stormy altar of Qazlal.
  4591 | D:6      | Found Aroadeom's Weapon Boutique.
  4632 | D:6      | Found Jyvouboi's Antique Armour Emporium.
  4635 | D:6      | Reached skill level 5 in Armour
  4639 | D:6      | Reached XP level 8. HP: 65/71 MP: 11/13
  4642 | D:6      | Bought a colourful robe for 119 gold pieces
  4642 | D:6      | Identified the +2 robe "Silor" {Rampage Drain rElec Dex-2}
                  | (You bought it in a shop on level 6 of the Dungeon)
  4657 | D:6      | Found Ymaaps's Assorted Antiques.
  4670 | D:6      | Bought a scroll labelled XANIAW TEKKEWN for 24 gold pieces
  4670 | D:6      | Bought a scroll labelled QARUUSTRATUI for 24 gold pieces
  4670 | D:6      | Bought a scroll labelled QEUWKU WIUCK for 24 gold pieces
  4734 | D:6      | Found Kicetah's Antique Armour Shop.
  5724 | D:7      | Reached skill level 5 in Fighting
  5740 | D:7      | Reached skill level 5 in Axes
  6324 | D:7      | Found a shadowy altar of Dithmenos.
  6662 | D:8      | Reached *** piety under Zin
  6669 | D:8      | Found the +7 Kryia's mail coat {PotionHeal*2 rC+}
  6751 | D:8      | Reached XP level 9. HP: 47/79 MP: 15/15
  6951 | D:8      | Noticed a two-headed ogre
  6961 | D:8      | Killed a two-headed ogre
  7068 | D:8      | Reached skill level 5 in Spellcasting
  7171 | D:8      | Found an ancient bone altar of Kikubaaqudgha.
  7184 | D:8      | Found a shimmering blue altar of Sif Muna.
  7213 | D:8      | Found a radiant altar of Vehumet.
  7215 | D:8      | Reached skill level 5 in Invocations
  7550 | D:8      | Found a shimmering altar of Xom.
  7552 | D:8      | Found a shimmering altar of Xom.
  7553 | D:8      | Found a shimmering altar of Xom.
  7554 | D:8      | Found a shimmering altar of Xom.
  7555 | D:8      | Found a shimmering altar of Xom.
  7555 | D:8      | Found a shimmering altar of Xom.
  7565 | D:8      | Noticed a two-headed ogre
  7576 | D:8      | Noticed a two-headed ogre
  7582 | D:8      | Noticed a gargoyle
  7851 | D:9      | Identified the +0 robe "Noiwk" {-Cast +Blink rN++}
  7881 | D:9      | Reached skill level 6 in Axes
  8011 | D:9      | Found a staircase to the Orcish Mines.
  8032 | D:9      | Reached XP level 10. HP: 67/88 MP: 16/18
  8330 | D:9      | Noticed Maurice
  8343 | D:9      | Killed Maurice
  8387 | D:9      | Reached **** piety under Zin
  8418 | D:9      | Noticed Pikel
  8426 | D:9      | Killed Pikel
  8714 | D:9      | Noticed Joseph
  8738 | D:9      | Killed Joseph
  9377 | D:9      | Found an opulent altar of Gozag.
  9421 | D:9      | Found a large runed translucent door.
  9422 | D:9      | Found a large runed translucent door.
  9430 | D:9      | Found a burning altar of Makhleb.
  9441 | D:9      | Found a bloodstained altar of Trog.
  9804 | D:8      | Paralysed by a hornet for 1 turns
  9814 | D:8      | Reached skill level 7 in Axes
  9814 | D:8      | Reached XP level 11. HP: 88/98 MP: 20/20
  9884 | D:8      | Killed a two-headed ogre
 10196 | D:10     | Entered Level 10 of the Dungeon
 10516 | D:10     | Found an ornate altar of the Wu Jian Council.
 11310 | D:11     | Learned a level 8 spell: Maxwell's Capacitive Coupling
 11450 | D:11     | Noticed a deep elf pyromancer
 11451 | D:11     | Found a shimmering altar of Xom.
 11451 | D:11     | Noticed a boulder beetle
 11452 | D:11     | Noticed a cyan ugly thing
 11484 | D:11     | Reached skill level 10 in Armour
 11594 | D:12     | Noticed Jorgrun
 11663 | D:12     | Noticed Rupert
 11663 | D:12     | Paralysed by Rupert for 2 turns
 11713 | D:12     | Paralysed by Rupert for 2 turns
 11857 | D:12     | Found a frozen archway.
 12015 | IceCv    | Entered an ice cave
 12094 | IceCv    | Identified the ring "Lozot" {Fly rN+ Str+3}
 12102 | IceCv    | Reached ***** piety under Zin
 12832 | IceCv    | Gained mutation: A frigid envelope surrounds you and
                  | freezes all who hurt you. [potion of mutation]
 12832 | IceCv    | Gained mutation: You are occasionally teleported next to
                  | monsters. [potion of mutation]
 12832 | IceCv    | Gained mutation: You passively map a small area around you.
                  | [potion of mutation]
 12832 | IceCv    | Gained mutation: Your flesh is heat resistant. (rF+)
                  | [potion of mutation]
 13342 | IceCv    | Noticed a white draconian
 13379 | IceCv    | Killed a white draconian
 13431 | IceCv    | Reached skill level 8 in Axes
 13483 | IceCv    | Reached ****** piety under Zin
 13592 | D:11     | Reached XP level 12. HP: 104/110 MP: 23/23
 13599 | D:11     | Found a staircase to the Lair.
 13794 | D:6      | Bought a scorched ring mail for 216 gold pieces
 13794 | D:6      | Identified the +8 ring mail of the Sacrificial Victim
                  | {Dex+3} (You bought it in a shop on level 6 of the Dungeon)
 13939 | Orc:1    | Entered Level 1 of the Orcish Mines
 13947 | Orc:1    | Noticed an orc warlord
 14171 | D:11     | Noticed a boulder beetle
 14195 | D:11     | Killed a boulder beetle
 14301 | D:11     | Killed a boulder beetle
 14643 | Lair:1   | Entered Level 1 of the Lair of Beasts
 14922 | Lair:1   | Reached skill level 1 in Air Magic
 16646 | Lair:2   | Found a transporter.
 16649 | Lair:2   | Noticed nms23's ghost (journeyman DsCj)
 16649 | Lair:2   | Noticed a death yak
 16652 | Lair:2   | Noticed a seven-headed hydra
 16698 | Lair:2   | Found a transporter.
 16719 | Lair:2   | Noticed a six-headed hydra
 16804 | Lair:2   | Reached XP level 13. HP: 117/118 MP: 25/25
 16880 | Lair:2   | Found a hole to the Spider Nest.
 17479 | Lair:3   | Reached skill level 9 in Axes
 17603 | Lair:3   | Found a staircase to the Swamp.
 17987 | Lair:4   | Reached skill level 10 in Axes
 18158 | Lair:3   | Found a stormy altar of Qazlal.
 18392 | Lair:5   | Entered Level 5 of the Lair of Beasts
 18584 | Lair:5   | Reached skill level 11 in Axes
 18883 | Lair:4   | Reached skill level 12 in Axes
 19273 | D:9      | Reached XP level 14. HP: 10/126 MP: 23/26
 19659 | Lair:3   | Reached skill level 1 in Shields
 21759 | Lair:5   | Found a staircase to the Slime Pits.
 21982 | Lair:5   | Reached skill level 13 in Axes
 22095 | Lair:5   | Reached skill level 5 in Shields
 22821 | D:9      | Killed an orc warlord
 23403 | Orc:2    | Entered Level 2 of the Orcish Mines
 23404 | Orc:2    | Lost mutation: A frigid envelope surrounds you and freezes
                  | all who hurt you. [potion of mutation]
 23404 | Orc:2    | Lost mutation: You are occasionally teleported next to
                  | monsters. [potion of mutation]
 23404 | Orc:2    | Lost mutation: Your flesh is heat resistant. (rF+) [potion
                  | of mutation]
 23404 | Orc:2    | Lost mutation: You passively map a small area around you.
                  | [potion of mutation]
 23426 | Orc:2    | Paralysed by an orc sorcerer for 2 turns
 24098 | Orc:2    | Found a staircase to the Elven Halls.
 25032 | Orc:2    | Found Lymoh's Weapon Shop.
 25608 | Orc:2    | Found Qoretir's Magic Scroll Boutique.
 25666 | Orc:2    | Found Femuepno's Distillery.
 25672 | Orc:2    | Bought a potion of heal wounds for 60 gold pieces
 25672 | Orc:2    | Bought a potion of might for 48 gold pieces
 25672 | Orc:2    | Bought a potion of might for 48 gold pieces
 25672 | Orc:2    | Bought a potion of cancellation for 96 gold pieces
 25672 | Orc:2    | Bought a potion of cancellation for 96 gold pieces
 25676 | Orc:2    | Bought a scroll of teleportation for 33 gold pieces
 25692 | Orc:2    | Found Polaomao's General Store.
 25698 | Orc:2    | Bought a potion of curing for 51 gold pieces
 25931 | D:12     | Killed Jorgrun
 25932 | D:12     | Reached skill level 14 in Axes
 25932 | D:12     | Reached skill level 10 in Invocations
 25950 | D:12     | Killed Rupert
 26361 | D:13     | Reached XP level 15. HP: 117/133 MP: 27/27
 26373 | D:13     | Noticed Urug
 26388 | D:13     | Killed Urug
 26942 | D:13     | Noticed a fenstrider witch
 27903 | D:13     | Identified the +6 battleaxe of Oenomania {heavy, rF+ rN+
                  | Int+4}
 27969 | D:14     | Found a gate to the Vaults.
 28157 | D:13     | Killed a fenstrider witch
 29025 | D:14     | Noticed Lodul
 29331 | D:14     | Reached skill level 15 in Axes
 29346 | D:14     | Found an ornate altar of the Wu Jian Council.
 29554 | D:14     | Killed Lodul
 29768 | D:14     | Found a runed translucent door.
 29776 | D:14     | Found a runed translucent door.
 29795 | D:14     | Found a runed translucent door.
 29815 | D:14     | Found a runed translucent door.
 30067 | D:15     | Entered Level 15 of the Dungeon
 30697 | D:15     | Found a staircase to the Depths.
 30697 | D:15     | Noticed a frost giant
 30706 | D:15     | Killed a frost giant
 31358 | Swamp:1  | Entered Level 1 of the Swamp
 31409 | Lair:3   | Noticed Amaemon
 31420 | Lair:3   | Killed Amaemon
 31484 | Spider:1 | Entered Level 1 of the Spider Nest
 31493 | Lair:2   | Mangled by a torpor snail

Illustrated notes

Levels and vault maps discovered:
D:1:      lemuel_arrival_river_ford, layout_basic
D:2:      layout_loops_cross, basic_altar, dreamdust_ecumenical_altar_grove,
          nicolae_concentric_dashed_squares_mild
D:3:      layout_basic, lemuel_flame_loot_1
D:4:      layout_loops_corners, nicolae_overflow_hidden_temple
D:5:      layout_loops_ring, lemuel_tele_altar,
          mainiacjoe_overflow_cross_hatched, nzn_hepliaklqana_mist_gate,
          minmay_temple_entry_nine_rooms, serial_co_window_serial,
          co_window_paths_b, co_window_paths_a, co_window_corner_a,
          co_window_of_opportunity_a, co_window_paths_a, co_window_corner_b,
          co_window_unsneaky_path_e, co_window_unsneaky_path_a,
          co_window_broadway_b, co_window_2corner, co_window_paths_e,
          glass_columns_c, glass_columns_b, glass_columns_a, glass_columns_a
D:6:      layout_basic, nicolae_uskayaw_murder_on_the_dancefloor,
          grunt_qazlal_clouds, serial_shops, shop, shop, shop, shop_fountains
D:7:      layout_basic, lemuel_crystal_altar, kennysheep_pointless_box
D:8:      layout_basic, palyth_temple_overflow_mages, xom_redecorated,
          hangedman_minor_gate_pass
D:9:      layout_stronghold, lemuel_coloured_pillars_altar,
          jmf_multi_god_temple2, zombieorc2_lemuel, minivault_25, uniq_joseph,
          uniq_maurice, uniq_pikel
D:10:     layout_rooms, mainiacjoe_overflow_six_doors_small
D:11:     layout_roguey, erik_lair_island, minmay_ruined_shrine
D:12:     layout_loops_ring, portal_ice_cave_entry_imps, uniq_rupert,
          uniq_jorgrun
D:13:     hellmonk_paralyzer, layout_basic, minmay_alternating_orb, uniq_urug
D:14:     layout_irregular_city, david_vaults_3,
          pdpol_wu_jian_five_deadly_venoms, minmay_statue_crystal_thing,
          uniq_nessos, uniq_lodul
D:15:     grunt_enter_depths_snipers, layout_rooms,
          ashenzari_conservatory_becter
Lair:1:   layout_regular_city, serial_bayou_ford_a, wad_woods_01,
          grunt_megastairs_3, serial_bayou_shore_b
Lair:2:   beargit_carnivore_pack, layout_cave_pods,
          nicolae_spider_entry_non_spiders, nzn_ghost_randoct
Lair:3:   layout_layer_cave, swamp_mist_pool, basic_altar, serial_bayou_shore_a,
          uniq_amaemon
Lair:4:   minmay_lair_oklob_chamber, layout_layer_cave,
          nicolae_volcano_entry_two_sided
Lair:5:   grunt_lair_end_beastmaster, layout_regular_city,
          minmay_slime_entry_jelly_boxes, infiniplex_staircase_pool_2
Swamp:1:  layout_basic_swamp, hangedman_swamp_diagram
Spider:1: layout_spider_delve, drop_trap
Orc:1:    layout_caves, basic_altar
Orc:2:    hellmonk_orc_salted, layout_caves

Skill      XL: |  1  2  3  4  5  6  7  8  9 10 11 12 13 14 15 |
---------------+----------------------------------------------+-----
Fighting       | 2 3 4 5 6 7 8 9 |  9.6
Armour         | 1 2 3 4 5 6 7 9 10 11 12 | 12.0
Spellcasting   | 1 2 3 4 5 6 7 8 |  8.5
Axes           | 3 4 5 6 7 8 12 14 15 | 15.5
Invocations    | 2 3 5 6 8 9 10 12 | 12.8
Air Magic      | 2 3 |  3.0
Shields        | 7 |  7.8
Throwing       | |  1.7
Dodging        | |  2.1

Action                     |  1- 3 |  4- 6 |  7- 9 | 10-12 | 13-15 || total
---------------------------+-------+-------+-------+-------+-------++-------
  Melee: War axe           |    14 |       |   227 |   738 |  1027 ||  2006
         Tailslap          |    11 |    13 |    38 |   131 |   239 ||   432
         Dagger            |    74 |   128 |    21 |       |    54 ||   277
         Punch             |       |     1 |     6 |    12 |       ||    19
         Broad axe         |       |       |       |       |    34 ||    34
  Throw: Throwing net      |     2 |     1 |       |     2 |       ||     5
         Javelin           |       |     1 |       |     1 |       ||     2
         Dart              |       |       |       |       |     7 ||     7
 Invoke: Recite            |       |       |     4 |    13 |    38 ||    55
         Vitalisation      |       |       |     4 |    17 |    39 ||    60
         Sanctuary         |       |       |       |       |     1 ||     1
         Imprison          |       |       |       |       |     1 ||     1
  Evoke: Wand              |       |       |     5 |    28 |    23 ||    56
         Phantom mirror    |       |       |       |     1 |     4 ||     5
    Use: Scroll            |     5 |     6 |    12 |    14 |    22 ||    59
         Potion            |     1 |     2 |     2 |    12 |    16 ||    33
   Stab: Sleeping          |     1 |       |       |       |       ||     1
         Held in net/web   |     2 |       |       |     2 |       ||     4
         Confused          |       |       |     1 |     3 |     4 ||     8
         Paralysed         |       |       |       |    12 |     9 ||    21
         Invisible         |       |       |       |     4 |    11 ||    15
         Distracted        |       |       |       |     1 |     1 ||     2
         Petrified         |       |       |       |       |    17 ||    17
 Armour: Leather armour    |    29 |    40 |     2 |       |       ||    71
         Robe              |       |       |    72 |       |       ||    72
         Scale mail        |       |       |    95 |   448 |   752 ||  1295
  Dodge: Dodged            |    38 |    62 |   161 |   354 |   488 ||  1103
  Block: Buckler           |       |       |       |       |   244 ||   244
